 Dungeon Crawl Stone Soup version 0.19.1 (webtiles) character file.

1223 nikopol the Skirmisher (level 8, -7/52 HPs)
             Began as a Gargoyle Berserker on Dec 24, 2016.
             Was an Elder of Trog.
             Mangled by an orc warrior
             ... wielding a cursed +0 halberd
              (14 damage)
             ... while paralysed
             ... on level 4 of the Dungeon.
             The game lasted 00:11:11 (3886 turns).

nikopol the Skirmisher (Gargoyle Berserker)         Turns: 3886, Time: 00:11:12

Health: -7/52      AC: 16    Str: 21    XL:     8   Next: 47%
Magic:  0/8        EV:  2    Int:  8    God:    Trog [****..]
Gold:   165        SH:  0    Dex: 11    Spells: 0 memorised, 7 levels left

rFire  . . .     SeeInvis .     a - +0 hand axe
rCold  . . .     Gourm    .     v - +0 chain mail
rNeg   + . .     Faith    .     (no shield)
rPois  ∞         Spirit   +     (no helmet)
rElec  +         Reflect  .     (no cloak)
rCorr  .         Harm     .     l - +0 pair of gloves
MR     .....                    (no boots)
Stlth  ..........               g - amulet of guardian spirit
                                (no ring)
                                (no ring)

@: paralysed, exhausted, slowed
A: negative energy resistance 1, electricity resistance, unbreathing,
petrification resistance, rot immunity, AC +5
a: Berserk, Trog's Hand, Brothers in Arms, Burn Spellbooks, Renounce Religion


You were on level 4 of the Dungeon.
You worshipped Trog.
Trog was greatly pleased with you.
You were very hungry.

You visited 1 branch of the dungeon, and saw 4 of its levels.
You also visited: Ossuary.

You collected 165 gold pieces.

Inventory:

Hand Weapons
 a - a +0 hand axe (weapon)
Missiles
 i - 22 arrows (quivered)
Armour
 b - a +0 animal skin
 d - a +0 ring mail
 h - a +0 pair of gloves
 l - a +0 pair of gloves (worn)
 u - a +0 cloak
 v - a +0 chain mail (worn)
Jewellery
 g - an amulet of guardian spirit (around neck)
Wands
 t - a wand of iceblast (5/15)
Scrolls
 e - 7 scrolls of identify
 k - 7 scrolls of remove curse
 m - a scroll of amnesia
 q - a scroll of fear {unknown}
 r - a scroll of enchant armour {unknown}
 w - a scroll of fog {unknown}
 y - 2 scrolls of recharging {unknown}
 B - 2 scrolls of random uselessness {unknown}
 C - a scroll of enchant weapon {unknown}
Potions
 f - a potion of agility {unknown}
 j - a potion of degeneration {unknown}
 n - 2 potions of cancellation {unknown}
 o - 2 potions of mutation
 p - 2 potions of invisibility {unknown}
 s - a potion of might {unknown}
 x - 2 potions of heal wounds {unknown}
 z - 2 potions of curing {unknown}
 A - a potion of flight {unknown}
Comestibles
 c - 6 bread rations


   Skills:
 + Level 6.3 Fighting
 + Level 5.3 Axes
 + Level 5.7 Armour
 + Level 4.3 Dodging


You had 7 spell levels left.
You didn't know any spells.

Dungeon Overview and Level Annotations

Branches:
Dungeon (4/15)             Temple (0/1) D:4

Altars:
Cheibriados
Kikubaaqudgha
Makhleb


Innate Abilities, Weirdness & Mutations

You are resistant to torment.
Your stone body is resilient. (AC +5)
You are immune to poison.
You resist negative energy. (rN+)
You are resistant to electric shocks. (rElec)
You can survive without breathing.
You are immune to petrification.
You are immune to rotting.


Message History

The orc warrior is heavily wounded.
You hit the orc but do no damage. The orc hits you but does no damage.
The orc warrior hits you with a halberd!!
* * * LOW HITPOINT WARNING * * *
You hit the orc warrior.
The orc warrior is severely wounded.
You hit the orc.
You kill the orc!
Trog accepts your kill.
You closely miss the orc warrior.
The orc warrior is severely wounded.
The orc warrior hits you with a halberd.
* * * LOW HITPOINT WARNING * * *
You barely miss the orc warrior.
The orc warrior is severely wounded.
You are no longer berserk.
You pass out from exhaustion.
You feel yourself slow down.
The orc warrior hits you with a halberd!
You die...

#..## (8.o #..#
#.o$# #..##o..
#.##..o
######.#..#
#......#.#######
#.####..........
##..o###.#
##...@.#
#...[..#
#......#
.........'.
###...####...
.....# #....
###.## #... #.
#.. # #'


You could see an orc warrior.

Vanquished Creatures
  The ghost of Edwards80 the Shooter, an amateur MiHu of Okawaru (D:4)
  12 scorpions
  4 centaur zombies (Ossuary)
  A hound (D:2)
  An orc wizard (D:4)
  3 human zombies (Ossuary)
  2 big kobold zombies (Ossuary)
  3 mummies (Ossuary)
  3 gnolls (D:3)
  3 scorpion zombies (Ossuary)
  3 adders
  An ooze (D:1)
  3 worms
  2 dart slugs (D:1)
  5 leopard geckos
  9 orcs
  A giant cockroach (D:3)
  4 gnoll zombies (Ossuary)
  12 goblins
  6 hobgoblins
  3 jackals (D:3)
  9 kobolds
  A quokka (D:2)
  8 bats
  5 frilled lizards
  2 goblin zombies (Ossuary)
  2 hobgoblin zombies (Ossuary)
  2 kobold zombies (Ossuary)
  An orc zombie (Ossuary)
  9 rats
121 creatures vanquished.

Vanquished Creatures (others)
  A scorpion (Ossuary)
1 creature vanquished.

Grand Total: 122 creatures vanquished

Notes
Turn   | Place    | Note
-------+----------+-------------------------------------------
     0 | D:1      | nikopol the Gargoyle Berserker began the quest for the Orb.
     0 | D:1      | Reached XP level 1. HP: 14/14 MP: 1/1
   300 | D:1      | Reached XP level 2. HP: 19/19 MP: 2/2
   454 | D:1      | Reached XP level 3. HP: 17/23 MP: 1/3
   632 | D:1      | Reached ** piety under Trog
   842 | D:2      | Found a burning altar of Makhleb.
   856 | D:2      | Reached XP level 4. HP: 23/29 MP: 4/4
   947 | D:2      | Reached skill level 4 in Fighting
   967 | D:2      | Found a snail-covered altar of Cheibriados.
  1026 | D:2      | Found an ancient bone altar of Kikubaaqudgha.
  1339 | D:3      | Reached *** piety under Trog
  1420 | D:3      | Reached XP level 5. HP: 17/34 MP: 1/5
  2395 | D:3      | Reached XP level 6. HP: 39/39 MP: 6/6
  2664 | D:4      | Found a staircase to the Ecumenical Temple.
  2824 | D:4      | Noticed Edwards80's ghost (amateur MiHu)
  2837 | D:4      | Found a sand-covered staircase.
  2839 | D:4      | Noticed an orc warrior
  2844 | Ossuary  | Entered an ossuary
  2955 | Ossuary  | Reached skill level 5 in Fighting
  2955 | Ossuary  | Reached XP level 7. HP: 29/44 MP: 4/7
  3416 | Ossuary  | Reached **** piety under Trog
  3428 | Ossuary  | Reached skill level 5 in Armour
  3437 | Ossuary  | Reached XP level 8. HP: 51/51 MP: 6/8
  3502 | Ossuary  | Reached skill level 5 in Axes
  3729 | Ossuary  | Reached skill level 6 in Fighting
  3880 | D:4      | Killed Edwards80's ghost
  3886 | D:4      | Mangled by an orc warrior

Skill      XL: |  1  2  3  4  5  6  7  8 |
---------------+-------------------------+-----
Axes           | 3 4 5 |  5.3
Dodging        | 2 3 4 |  4.3
Armour         | 3 4 5 |  5.7
Fighting       | 4 5 6 |  6.3

Action                   |  1- 3 |  4- 6 |  7- 9 || total
-------------------------+-------+-------+-------++-------
Melee: Hand axe          |    96 |   242 |   178 ||   516
Invok: Berserk           |       |     3 |     3 ||     6
  Use: Scroll            |       |     4 |       ||     4
  Eat: Chunk             |       |     8 |       ||     8
       Meat ration       |       |       |     1 ||     1
       Beef jerky        |       |       |     1 ||     1
Armor: Ring mail         |    54 |    70 |       ||   124
       Chain mail        |       |    80 |   109 ||   189
Dodge: Dodged            |    73 |   133 |    88 ||   294
